Map: Piliers d'or EC

Players

Indy - Winner!

  • Race: Protoss Protoss
  • League: Master
  • Spawn Location: 7:00

Denver

  • Race: Zerg Zerg
  • League: Grandmaster
  • Spawn Location: 1:00

Event: DreamHack SC2 Masters 2020 Winter

VOD

Have the link to the VOD?

Description

Time

  • Played on: Oct. 18, 2020, 2:59 p.m.
  • Length: 11:26

All games in this series

Show
View Real Time Build Order
Export as new Build Order

Indy Protoss - Winner!

Build Orders: 1 Gate Expand, Oracle Opening 

Get SALT Encoding   

  12  0:00  Probe  
  13  0:12  Probe  
  14  0:19  Pylon  
  14  0:24  Probe  
  15  0:37  Probe (Chrono Boost)  
  15  0:39  Gateway  
  16  0:46  Probe (Chrono Boost)  
  16  0:49  Assimilator  
  17  0:51  Probe (Chrono Boost)  
  18  1:04  Probe  
  19  1:16  Probe  
  20  1:26  Nexus  
  20  1:37  Cybernetics Core  
  20  1:40  Probe  
  21  1:47  Assimilator  
  21  1:52  Probe  
  22  1:56  Pylon  
  22  2:04  Probe  
  23  2:12  Adept (Chrono Boost)  
  25  2:16  Probe  
  25  2:20  Stargate  
  26  2:27  Warp Gate  
  26  2:29  Probe (Chrono Boost)  
  27  2:37  Adept  
  27  2:39  Probe (Chrono Boost)  
  31  2:47  Probe (Chrono Boost)  
  31  2:49  Probe (Chrono Boost)  
  32  2:53  Probe (Chrono Boost)  
  32  2:55  Probe  
  34  3:01  Oracle (Chrono Boost)  
  34  3:05  Probe  
  38  3:09  Probe  
  39  3:14  Pylon  
  39  3:17  Probe  
  40  3:21  Probe  
  40  3:22  Void Ray (Chrono Boost)  
  41  3:29  Probe  
  41  3:33  Probe  
  47  3:35  Gateway  
  47  3:41  Probe  
  47  3:42  Adept  
  47  3:45  Probe  
  47  3:48  Pylon  
  51  4:02  Probe x2  
  50  4:07  Twilight Council  
  50  4:13  Nexus  
  50  4:16  Probe  
  50  4:17  Probe  
  52  4:23  Assimilator  
  52  4:25  Assimilator  
  52  4:29  Probe x2  
  54  4:33  Gateway x2  
  54  4:36  Gateway  
  54  4:39  Adept  
  54  4:40  Resonating Glaives (Chrono Boost)  
  54  4:43  Probe x2  
  58  4:46  Adept  
  60  4:58  Probe x2  
  62  5:01  Pylon  
  62  5:03  Pylon  
  62  5:07  Pylon  
  62  5:19  Probe x2  
  64  5:21  Adept x2  
  64  5:26  Probe  
  69  5:30  Adept x2  
  69  5:31  Probe x2  
  69  5:34  Adept  
  77  5:38  Probe  
  77  5:42  Pylon  
  78  5:43  Probe x2  
  80  5:50  Adept x4, Probe  
  80  5:52  Adept  
  91  5:57  Probe x2  
  91  6:02  Probe  
  91  6:03  Pylon  
  94  6:06  Robotics Facility  
  94  6:08  Robotics Facility  
  94  6:09  Adept  
  96  6:15  Probe x3  
  97  6:27  Probe x3  
  97  6:28  Sentry x2  
  97  6:29  Sentry  
  97  6:31  Assimilator  
  106  6:33  Forge, Assimilator  
  106  6:39  Probe x3  
  107  6:52  Immortal x2 (Chrono Boost)  
  92  6:58  Templar Archives  
  97  7:01  Blink (Chrono Boost)  
  97  7:07  Gateway x2  
  97  7:10  Gateway  
  97  7:11  Shield Battery  
  97  7:12  Shield Battery  
  97  7:15  Stalker x3  
  99  7:16  Adept  
  99  7:18  Adept  
  107  7:29  Immortal x2 (Chrono Boost)  
  111  7:35  Pylon  
  111  7:43  Protoss Ground Weapons Level 1 (Chrono Boost)  
  111  7:45  Robotics Bay  
  111  7:49  Sentry x2  
  111  7:50  Sentry  
  117  7:57  Pylon  
  117  7:58  Pylon  
  117  8:01  Gateway  
  117  8:03  Immortal (Chrono Boost)  
  117  8:04  Gateway  
  125  8:07  Warp Prism (Chrono Boost)  
  123  8:24  Shield Battery  
  123  8:32  Colossus (Chrono Boost)  
  123  8:35  Observer (Chrono Boost)  
  130  8:49  Colossus (Chrono Boost)  
  130  8:54  Charge (Chrono Boost), Extended Thermal Lance  
  136  8:58  Nexus  
  136  9:00  Stalker  
  136  9:01  Stalker, Pylon  
  140  9:04  Pylon  
  140  9:09  Pylon  
  140  9:10  Pylon x2  
  140  9:18  Colossus (Chrono Boost)  
  140  9:20  Photon Cannon x2  
  140  9:22  Photon Cannon  
  145  9:36  Colossus (Chrono Boost)  
  147  9:49  Nexus  
  147  9:52  Photon Cannon  
  147  9:53  Stalker x4  
  147  9:54  Photon Cannon  
  147  9:56  High Templar x2, Photon Cannon  
  159  10:00  Archon  
  159  10:05  Shield Battery  
  159  10:09  Shield Battery  
  159  10:12  Stalker x4  
  167  10:28  Stalker x5  
  171  10:36  High Templar x2  
  171  10:40  Archon, Stalker x3  
  137  11:12  Stalker x4  
  137  11:13  Stalker x5  
Show
View Real Time Build Order
Export as new Build Order

Denver Zerg 

Build Orders: Hatch First 

Get SALT Encoding   

  12  0:00  Drone  
  13  0:12  Overlord  
  13  0:18  Drone  
  14  0:31  Drone x2  
  16  0:50  Hatchery  
  16  0:54  Drone  
  16  0:57  Drone  
  16  1:01  Drone  
  18  1:11  Extractor  
  17  1:18  Spawning Pool  
  16  1:23  Drone  
  16  1:24  Drone  
  18  1:28  Drone  
  20  1:40  Drone  
  20  1:49  Overlord  
  20  2:05  Queen x2  
  20  2:06  Zergling x4  
  26  2:13  Metabolic Boost  
  26  2:14  Drone  
  27  2:19  Drone  
  28  2:23  Drone  
  28  2:26  Drone  
  30  2:40  Hatchery  
  30  2:44  Drone  
  30  2:47  Drone  
  30  2:49  Drone  
  32  2:53  Overlord  
  32  2:59  Drone x2  
  32  3:05  Zergling x2  
  35  3:10  Drone  
  35  3:11  Queen  
  38  3:17  Drone x3  
  41  3:22  Overlord  
  41  3:25  Drone  
  42  3:27  Queen  
  44  3:36  Drone, Spore Crawler  
  44  3:38  Spore Crawler  
  44  3:39  Drone  
  44  3:41  Drone  
  44  3:42  Drone  
  44  3:45  Drone x2  
  48  3:52  Drone x4  
  48  3:59  Drone x2  
  49  4:06  Drone  
  49  4:07  Drone  
  50  4:13  Overlord  
  50  4:15  Drone  
  50  4:16  Drone  
  52  4:20  Overlord  
  52  4:22  Overlord  
  52  4:27  Spore Crawler  
  51  4:32  Drone  
  51  4:35  Drone x5  
  57  4:38  Lair  
  57  4:41  Drone  
  57  4:42  Drone  
  59  4:47  Drone x4  
  59  4:48  Drone  
  63  4:54  Drone  
  63  4:57  Extractor  
  63  4:58  Extractor, Roach Warren, Overlord  
  61  5:03  Queen  
  61  5:06  Drone x3  
  66  5:10  Drone x2  
  66  5:11  Drone x2  
  70  5:14  Overlord  
  70  5:17  Overlord  
  70  5:19  Extractor, Overlord  
  68  5:23  Zergling x6  
  68  5:26  Overlord  
  71  5:31  Zergling x6  
  71  5:32  Overlord  
  74  5:36  Zergling x2  
  74  5:37  Zergling x4, Overseer  
  74  5:38  Glial Reconstitution  
  77  5:44  Roach x3  
  83  5:52  Zergling x12  
  89  5:57  Drone  
  89  5:58  Drone x3, Evolution Chamber  
  89  6:02  Extractor  
  89  6:03  Roach x2  
  92  6:08  Roach  
  94  6:12  Roach x2  
  97  6:23  Roach x8  
  104  6:31  Zerg Missile Weapons Level 1  
  104  6:36  Roach  
  104  6:37  Overlord  
  104  6:40  Overlord  
  103  6:53  Drone x6  
  104  6:57  Hatchery  
  104  6:59  Drone  
  104  7:08  Drone x3  
  107  7:10  Baneling Nest  
  107  7:12  Evolution Chamber  
  106  7:15  Drone x2  
  106  7:18  Drone  
  108  7:24  Drone x3  
  108  7:26  Queen  
  111  7:34  Overlord  
  110  7:37  Drone x8  
  110  7:40  Zerg Melee Weapons Level 1  
  110  7:41  Extractor  
  113  7:45  Overlord  
  113  7:48  Overlord  
  113  7:51  Roach  
  115  7:52  Overlord  
  115  7:54  Centrifical Hooks  
  115  7:56  Roach x2  
  120  7:58  Ravager x5  
  120  8:03  Overlord  
  124  8:06  Roach x3  
  130  8:14  Roach x4  
  130  8:18  Drone x4  
  130  8:19  Baneling  
  142  8:25  Drone  
  142  8:26  Drone x6  
  149  8:32  Roach  
  149  8:33  Roach x2  
  156  8:34  Ravager x3  
  156  8:35  Ravager x2  
  156  8:36  Ravager  
  156  8:39  Overlord  
  161  8:45  Zergling x12  
  161  8:47  Spore Crawler  
  161  8:48  Overlord  
  166  8:53  Overlord  
  166  8:54  Overlord x2  
  166  8:58  Zergling x6  
  166  9:00  Overlord  
  169  9:07  Baneling  
  169  9:08  Baneling x11  
  169  9:11  Hatchery  
  169  9:14  Zergling x6  
  169  9:15  Zergling x4  
  173  9:25  Zergling x22  
  184  9:36  Zergling x20  
  189  9:44  Zergling x2  
  190  9:48  Baneling x23  
  190  9:55  Infestation Pit  
  189  10:01  Baneling x2  
  189  10:02  Baneling x11  
  189  10:04  Drone x3  
  192  10:09  Extractor  
  192  10:12  Zergling x14  
  198  10:26  Zergling x4  
  190  10:36  Baneling x18  
  190  10:43  Zergling x20  
  172  11:07  Zergling x2  
  172  11:08  Zergling x50  
Tags
 
Add a new tag
Caveats
  • Supply blocks, unpowered buildings, or Contaminate may cause inaccurate times.
  • Supply counts are checked every 10 seconds.